 Dungeon Crawl Stone Soup version 0.28.0-43-g3370ac3207 (webtiles) character file.

Game seed: 16220737591867824834

86 protoss039 the Firebug (level 4, -1/24 HPs)
             Began as a Deep Elf Fire Elementalist on Mar 23, 2022.
             Slain by Terence
             ... wielding a +1 flail of venom
              (11 damage)
             ... on level 3 of the Dungeon.
             The game lasted 00:03:11 (3098 turns).

protoss039 the Firebug (Deep Elf Fire Elementalist) Turns: 3098, Time: 00:03:12

Health: -1/24      AC:  3    Str:  5    XL:     4   Next: 26%
Magic:  10/11      EV: 13    Int: 22    God:
Gold:   52         SH:  0    Dex: 15    Spells: 1/10 levels left

rFire   . . .      SeeInvis .   s - +3 quarterstaff
rCold   . . .      Faith    .   (shield currently unavailable)
rNeg    . . .      Spirit   .   g - +0 robe {Will+}
rPois   .          Reflect  .   (no helmet)
rElec   .          Harm     .   o - +0 cloak
rCorr   .          Rampage  .   (no gloves)
Will    +....                   (no boots)
Stlth   ++........              (no amulet)
HPRegen 0.08/turn               (no ring)
MPRegen 0.12/turn               (no ring)

@: lethally poisoned (-1 -> -7)
A: no striking features
a: no special abilities


You were on level 3 of the Dungeon.
You visited 1 branch of the dungeon, and saw 3 of its levels.

You collected 52 gold pieces.

Inventory:

Hand Weapons
 s - a +3 quarterstaff (weapon)
Armour
 g - a +0 robe of willpower (worn)
 o - a +0 cloak (worn)
Jewellery
 d - a +4 ring of protection
Scrolls
 c - 4 scrolls of identify {unknown}
 e - 3 scrolls of magic mapping {unknown}
 f - a scroll of teleportation {unknown}
 i - 2 scrolls of enchant weapon {unknown}
 l - 2 scrolls of fog {unknown}
 m - 2 scrolls of summoning {unknown}
 p - 2 scrolls of enchant armour {unknown}
Potions
 b - a potion of curing {unknown}
 h - a potion of lignification {unknown}
 j - a potion of mutation {unknown}
 k - a potion of cancellation {unknown}
 n - 2 potions of haste {unknown}
 q - a potion of degeneration {unknown}
 r - a potion of heal wounds {unknown}


   Skills:
 - Level 0.1 Short Blades
 - Level 3.0 Dodging
 - Level 3.0 Stealth
 + Level 3.9 Spellcasting
 + Level 2.0 Conjurations
 + Level 4.3 Fire Magic


You had one spell level left.
You knew the following spells:

 Your Spells              Type           Power      Damage    Failure   Level
a - Foxfire               Conj/Fire      72%        2x1d7     3%          1
b - Scorch                Fire           46%        2d7       3%          2
c - Conjure Flame         Conj/Fire      18%        6-21      9%          3
d - Inner Flame           Hex/Fire       13%        N/A       14%         3

Your spell library contained the following spells:

 Spells                   Type           Power      Damage    Failure   Level
 Flame Wave               Conj/Fire      18%        2d6       30%         4
 Freezing Cloud           Conj/Ice/Air   3%         6-21      94%         5
 Simulacrum               Ice/Necr       2%         N/A       100%        6
 Polar Vortex             Ice            2%         N/A       100%        9


Dungeon Overview and Level Annotations

Branches:
Dungeon (3/15)

Altars:
Kikubaaqudgha

Annotations:
D:3 Terence


Message History

Unknown command.
No target in view!
Your foxfire dissipates! x2
Your foxfire dissipates! x2
Your foxfire dissipates!
HP restored.
A rat comes into view.
A rat is nearby!
A rat is nearby!
A rat is nearby!
The helpless rat fails to defend itself.
You hit the rat.
You kill the rat!
No target in view!
Unknown command.
Found a ring mail.
There is an escape hatch in the floor here.
You see here a rat corpse.
You enter the shallow water.
Moving in this stuff is going to be slow.
Found a stone staircase leading down.
Found a ring mail.
No target in view!
Terence the Incautious comes into view.
He is wielding a +1 flail of venom.
Terence is nearby!
Terence is nearby!
Found a stone staircase leading down.
Terence is nearby!
Terence shouts!
Terence hits you with a +1 flail of venom!
You are poisoned.
You thump Terence!
Terence is heavily wounded.
You feel very sick. Terence misses you.
Casting: Foxfire (safe; 3% risk of failure)
Confirm with . or Enter, or press ? or * to list all spells.
You conjure some foxfire!
You feel sick.
Terence hits you with a +1 flail of venom!
You die...

#. ... #.. #.####
#.#####.. #....#
#......#. ##....#
##.....≈ #.....###
#....#♣
#......######....≈♣
#....#.##........♣≈
#v...#.........>.P≈
#v@..####........♣≈
#@...# #.......♣♣≈
#....# #.......♣
#....# #.......≈≈
###### ###[#..#≈♣≈
..#.##♣≈≈ ....# ♣≈


You could see Terence (ally target).

Vanquished Creatures
  3 adders
  A worm (D:2)
  2 dart slugs
  An orc (D:3)
  2 ball pythons (D:2)
  4 bats
  An endoplasm (D:2)
  14 giant cockroaches
  2 goblins
  5 hobgoblins
  2 quokkas
  2 frilled lizards (D:2)
  2 kobolds
  5 rats
46 creatures vanquished.

Vanquished Creatures (collateral kills)
  A foxfire (D:1)
1 creature vanquished.

Vanquished Creatures (others)
  165 foxfires
  A plant (D:2)
166 creatures vanquished.

Grand Total: 213 creatures vanquished

Notes
Turn   | Place    | Note
-------+----------+-------------------------------------------
     0 | D:1      | protoss039 the Deep Elf Fire Elementalist began the quest
                  | for the Orb.
     0 | D:1      | Reached XP level 1. HP: 10/10 MP: 6/6
  1308 | D:2      | Reached XP level 2. HP: 15/15 MP: 8/8
  1674 | D:2      | Reached skill level 4 in Fire Magic
  1674 | D:2      | Reached XP level 3. HP: 17/19 MP: 4/9
  1677 | D:2      | Learned a level 2 spell: Scorch
  1681 | D:2      | Learned a level 3 spell: Conjure Flame
  2048 | D:2      | Found a faded altar of an unknown god.
  2698 | D:2      | Learned a level 3 spell: Inner Flame
  2704 | D:3      | Reached XP level 4. HP: 24/24 MP: 6/11
  2831 | D:3      | Found an ancient bone altar of Kikubaaqudgha.
  3092 | D:3      | Noticed Terence
  3098 | D:3      | Slain by Terence

Illustrated notes

Levels and vault maps discovered:
D:1:      roderic_crop_circles_arrival_small, layout_basic
D:2:      minmay_roachtagon, layout_basic,
          chequers_ecumenical_altar_simple_redux, serial_bayou_pond_e,
          minmay_tall_x
D:3:      layout_rooms, kiku_gazebo_garden_becter, serial_bayou_lake_a,
          uniq_terence

Skill      XL: |  1  2  3  4 |
---------------+-------------+-----
Fire Magic     | 4 |  4.3
Stealth        | 3 |  3.0
Dodging        | 3 |  3.0
Conjurations   | 2 |  2.0
Short Blades   | |  0.1
Spellcasting   | |  3.9

Action                   |  1- 3 |  4- 6 || total
-------------------------+-------+-------++-------
Melee: Quarterstaff      |     5 |     4 ||     9
       Dagger            |    41 |       ||    41
       Unarmed           |     3 |       ||     3
       Punch             |     1 |       ||     1
 Cast: Foxfire           |    86 |    11 ||    97
       Scorch            |     1 |       ||     1
 Stab: Sleeping          |     2 |     2 ||     4
Armor: Robe              |    24 |       ||    24
Dodge: Dodged            |    63 |     3 ||    66
